 Dungeon Crawl Stone Soup version 0.16-a0-328-gfd822c7 (webtiles) character file.

15 PolkaDot the Caller (level 2, 0/19 HPs)
             Began as a Vampire Summoner on Sept 5, 2014.
             Slain by a hobgoblin
             ... wielding a +0 club
              (4 damage)
             ... on Level 1 of the Dungeon.
             The game lasted 00:02:41 (680 turns).

PolkaDot the Caller (Vampire Summoner)               Turns: 680, Time: 00:02:41

HP   0/19        AC  2     Str  7      XL: 2   Next: 34%
MP   2/4         EV 12     Int 17      God:
Gold 15          SH  0     Dex 14      Spells:  2 memorised,  2 levels left

rFire  . . .     SeeInvis +     f - +0 dagger
rCold  . . .     Clarity  .     a - +0 robe
rNeg   . . .     rCorr    .     (no shield)
rPois  .         rRot     .     (no helmet)
rElec  .         Spirit   .     (no cloak)
SustAb .         Warding  .     (no gloves)
rMut   .         Stasis   .     (no boots)
Gourm  .                        (no amulet)
MR     .....                    (no ring)
                                (no ring)

@: regenerating quickly, not resistant to hostile enchantments, unstealthy
A: fangs 3, see invisible, unbreathing
a: no special abilities


You were on level 1 of the Dungeon.
You were very full.

You visited 1 branch of the dungeon, and saw 1 of its levels.

You collected 15 gold pieces.

Inventory:

Hand weapons
 f - a +0 dagger (weapon)
Armour
 a - a +0 robe (worn)
Scrolls
 d - a scroll of enchant weapon {unknown}
 e - a scroll of immolation {unknown}
 h - a scroll of fear {unknown}
Potions
 c - a potion of blood {@*1}
Books
 b - a book of Callings

   Spells                             Type                      Level
   *Summon Small Mammal               Summoning                    1
   *Call Imp                          Summoning                    2
   Call Canine Familiar               Summoning                    3
   Summon Guardian Golem              Hexes/Summoning              4
   Summon Lightning Spire             Summoning/Air                4
   Summon Ice Beast                   Ice/Summoning                4


   Skills:
 - Level 2.1 Dodging
 - Level 3.0 Stealth
 - Level 2.0 Spellcasting
 * Level 4.6 Summonings


You had 2 spell levels left.
You knew the following spells:

 Your Spells              Type           Power        Failure   Level  Hunger
a - Summon Small Mammal   Summ           ###.         2%          1    #......
s - Call Imp              Summ           ###.....     4%          2    ###....


Dungeon Overview and Level Annotations

Branches:
Dungeon (1/15)

Altars:


Innate Abilities, Weirdness & Mutations

Your natural rate of healing is unusually fast.
You have razor-sharp teeth.
You have supernaturally acute eyesight.
You can survive without breathing.


Message History

You barely miss the hobgoblin.
Your bat closely misses the hobgoblin.
The hobgoblin hits you with a club.
* * * LOW HITPOINT WARNING * * *
The hobgoblin hits your bat with a club.
Your bat dies!
Your bat's corpse disappears in a puff of smoke!
Casting: Summon Small Mammal
Confirm with . or Enter, or press ? or * to list all spells.
Your quokka bites the hobgoblin.
You closely miss the hobgoblin.
The hobgoblin is heavily wounded.
Your quokka bites the hobgoblin.
The hobgoblin barely misses you.
You closely miss the hobgoblin.
The hobgoblin is almost dead.
Your quokka misses the hobgoblin. The hobgoblin barely misses you.
You hit the hobgoblin but do no damage.
The hobgoblin is almost dead.
Your quokka closely misses the hobgoblin.
The hobgoblin hits you with a club.
You die...

#.#
#.##.#.##..♣♣♣♣♣♣♣♣♣♣
#.#
#.##..###)........<..
#.# #.##..#
#..♣♣♣♣♣♣♣♣♣♣ #.# ###
#.##..###.## #.#
##[#####..........
#.# #................
#.# ##.######.#..#.#
#.####.# ##.#..# ...#
#......#####...@.#
#..
#######......#.gr#
###
########.####....##
#### .........#
##.#.# ....
########## #.#.# ####
#.#(# #.... ######


You could see a hobgoblin and a friendly quokka.

Vanquished Creatures
  A ball python (D:1)
  A giant cockroach (D:1)
  4 kobolds (D:1)
  A bat (D:1)
  A giant newt (D:1)
  3 goblins (D:1)
  3 rats (D:1)
14 creatures vanquished.

Vanquished Creatures (collateral kills)
  A giant cockroach (D:1)
  A hobgoblin (D:1)
2 creatures vanquished.

Vanquished Creatures (others)
  2 bats (D:1)
  A quokka (D:1)
  A rat (D:1)
4 creatures vanquished.

Grand Total: 20 creatures vanquished

Notes
Turn   | Place    | Note
--------------------------------------------------------------
     0 | D:1      | PolkaDot, the Vampire Summoner, began the quest for the Orb.
     0 | D:1      | Reached XP level 1. HP: 13/13 MP: 3/3
   426 | D:1      | Reached XP level 2. HP: 14/19 MP: 4/4
   438 | D:1      | Learned a level 2 spell: Call Imp
   680 | D:1      | Slain by a hobgoblin

Action                   || total
-------------------------++-------
Melee: Unarmed           ||    15
       Dagger            ||    56
Throw: Stone             ||    18
 Cast: Summon Small Mamm ||     7
  Use: Potion            ||     1
 Stab: Sleeping          ||     1
  Eat: Corpse            ||     6
